3AAA
SCRANTON SUPERNOVAS @ SANTA BARBARA GOLDEN CRANES
05/10/2025
 
TOP OF THE 1ST
Scranton Supernovas batting - Pitching for Santa Barbara Golden Cranes : RHP Alex Simmons
Pitching: RHP Alex Simmons
Batting: RHB Arturo Maldonado 0-0: Ball
1-0: Ball
2-0: Called Strike
2-1: Ball
3-1: Base on Balls
Batting: RHB Pedro Rivera 0-0: Ball
1-0: Ball
2-0: Called Strike
2-1: Called Strike
2-2: Foul Ball, location: 2F
2-2: Fly out, F9 (Line Drive, 9)
Batting: LHB Tony Vega 0-0: Ball
1-0: Ball
2-0: Called Strike
2-1: Foul Ball, location: 2F
2-2: Foul Ball, location: 2F
2-2: Ball
Arturo Maldonado is caught stealing 2nd base
3-2: SINGLE (Line Drive, 9LM)
Batting: RHB Brad Jacobson 0-0: Called Strike
0-1: Called Strike
0-2: Ball
1-2: Foul Ball, location: 2F
1-2: Ball
2-2: Foul Ball, location: 2F
2-2: Strikes out swinging
Top of the 1st over - 0 run(s), 1 hit(s), 0 error(s), 1 left on base; Scranton 0 - Santa Barbara 0
BOTTOM OF THE 1ST
Santa Barbara Golden Cranes batting - Pitching for Scranton Supernovas : LHP Sammy Nash
Pitching: LHP Sammy Nash
Batting: RHB Pepe Castroneves 0-0: SINGLE (Groundball, 34D)
Batting: RHB Ángel Ruezga 0-0: Swinging Strike
0-1: Swinging Strike
0-2: Ball
1-2: Strikes out swinging
Batting: RHB Logan Manning 0-0: Ball
1-0: Grounds into double play, 5-4-3 (Groundball, 56)
Bottom of the 1st over - 0 run(s), 1 hit(s), 0 error(s), 0 left on base; Scranton 0 - Santa Barbara 0
TOP OF THE 2ND
Scranton Supernovas batting - Pitching for Santa Barbara Golden Cranes : RHP Alex Simmons
Batting: RHB Arturo Rochel 0-0: Ball
1-0: Called Strike
1-1: SINGLE (Line Drive, 8RS)
Batting: SHB Alonso Solís 0-0: Called Strike
0-1: Foul Ball, location: 2F
0-2: Ground out 4-3 (Groundball, 34)
Arturo Rochel to second
Batting: RHB Xavier Águila 0-0: Foul Ball, location: 2F
0-1: Ball
1-1: Ground out U3 (Groundball, 34)
Arturo Rochel to third
Batting: RHB Keith MacKey 0-0: Ball
1-0: Ball
2-0: Called Strike
2-1: Ball
Wild Pitch!
Arturo Rochel scores
3-1: Called Strike
3-2: Foul Ball, location: 2F
3-2: Foul Ball, location: 2F
3-2: Foul Ball, location: 2F
3-2: Foul Ball, location: 2F
3-2: Base on Balls
Batting: RHB Marty Hayden 0-0: Called Strike
0-1: Called Strike
0-2: Foul Ball, location: 2F
0-2: Ball
1-2: Foul Ball, location: 2F
1-2: Strikes out swinging
Top of the 2nd over - 1 run(s), 1 hit(s), 0 error(s), 1 left on base; Scranton 1 - Santa Barbara 0
BOTTOM OF THE 2ND
Santa Barbara Golden Cranes batting - Pitching for Scranton Supernovas : LHP Sammy Nash
Batting: LHB José Meléndez 0-0: Ball
1-0: Called Strike
1-1: Swinging Strike
1-2: Ball
2-2: Strikes out swinging
Batting: RHB Xavier Hernández 0-0: Called Strike
0-1: Called Strike
0-2: Ball
1-2: Foul Ball, location: 2F
1-2: Foul Ball, location: 2F
1-2: Fly out, F7 (Flyball, 78M)
Batting: RHB Gilbert Graham 0-0: Ball
1-0: Ball
2-0: Called Strike
2-1: Foul Ball, location: 2F
2-2: Reached on error, E5 (Groundball, 5)
Batting: LHB Armando Villarreal 0-0: Ball
1-0: Ball
2-0: Ball
3-0: Base on Balls
Gilbert Graham to second
Batting: RHB Salvador Noriega 0-0: Called Strike
0-1: Ball
1-1: Called Strike
1-2: Foul Ball, location: 2F
1-2: SINGLE (Groundball, 56D)
Gilbert Graham to third
Armando Villarreal to second
Runner from 3rd tries for Home, throw and OUT!
Bottom of the 2nd over - 0 run(s), 1 hit(s), 1 error(s), 2 left on base; Scranton 1 - Santa Barbara 0
TOP OF THE 3RD
Scranton Supernovas batting - Pitching for Santa Barbara Golden Cranes : RHP Alex Simmons
Batting: RHB Arturo Maldonado 0-0: Ball
1-0: Called Strike
1-1: Ball
2-1: Ball
3-1: Base on Balls
Batting: RHB Pedro Rivera 0-0: Ball
1-0: Fly out, F8 (Flyball, 89S)
Batting: LHB Tony Vega 0-0: Foul Ball, location: 2F
0-1: Ball
1-1: Ball
2-1: Ball
3-1: Called Strike
3-2: SINGLE (Groundball, 34D)
Arturo Maldonado to second
Runner from 2nd tries for 3rd, SAFE, no throw
Batting: RHB Brad Jacobson 0-0: Called Strike
Tony Vega steals 2nd base
0-1: Hit by Pitch
Batting: RHB Arturo Rochel 0-0: Ball
1-0: Ball
2-0: Called Strike
2-1: Swinging Strike
2-2: Fly out, F6 (Line Drive, 6M)
Batting: SHB Alonso Solís 0-0: Ball
1-0: Ball
2-0: Foul Ball, location: 2F
2-1: Foul Ball, location: 2F
2-2: Foul Ball, location: 2F
2-2: Ball
3-2: Foul Ball, location: 2F
3-2: Fly out, F7 (Flyball, 7D)
Top of the 3rd over - 0 run(s), 1 hit(s), 0 error(s), 3 left on base; Scranton 1 - Santa Barbara 0
BOTTOM OF THE 3RD
Santa Barbara Golden Cranes batting - Pitching for Scranton Supernovas : LHP Sammy Nash
Batting: LHB Esteban Trujillo 0-0: Called Strike
0-1: Ball
1-1: Swinging Strike
1-2: Strikes out swinging
Batting: RHB Pepe Castroneves 0-0: Ball
1-0: Foul Ball, location: 2F
1-1: Ball
2-1: Ball
3-1: Swinging Strike
3-2: Foul Ball, location: 2F
3-2: Ground out 6-3 (Groundball, 6)
Batting: RHB Ángel Ruezga 0-0: SOLO HOME RUN (Flyball, 7D), Distance : 376 ft
Batting: RHB Logan Manning 0-0: Fly out, F8 (Line Drive, 8RD)
Bottom of the 3rd over - 1 run(s), 1 hit(s), 0 error(s), 0 left on base; Scranton 1 - Santa Barbara 1
TOP OF THE 4TH
Scranton Supernovas batting - Pitching for Santa Barbara Golden Cranes : RHP Alex Simmons
Batting: RHB Xavier Águila 0-0: Ball
1-0: Foul Ball, location: 2F
1-1: DOUBLE (Line Drive, 89XD) - OUT at third base trying to stretch hit.
Batting: RHB Keith MacKey 0-0: Ball
1-0: SINGLE (Line Drive, 78M)
Batting: RHB Marty Hayden 0-0: Ball
1-0: Foul Ball, location: 2F
1-1: Called Strike
1-2: Ball
Keith MacKey steals 2nd base
2-2: Foul Ball, location: 2F
2-2: Foul Ball, location: 2F
2-2: Strikes out swinging, 2-3 out at first.
Batting: RHB Arturo Maldonado 0-0: Called Strike
0-1: Swinging Strike
0-2: Ball
1-2: Ball
2-2: Foul Ball, location: 2F
2-2: Ground out 5-3 (Groundball, 5)
Top of the 4th over - 0 run(s), 2 hit(s), 0 error(s), 1 left on base; Scranton 1 - Santa Barbara 1
BOTTOM OF THE 4TH
Santa Barbara Golden Cranes batting - Pitching for Scranton Supernovas : LHP Sammy Nash
Batting: LHB José Meléndez 0-0: Ball
1-0: Foul Ball, location: 2F
1-1: Ball
2-1: Called Strike
2-2: Fly out, F9 (Flyball, 9)
Batting: RHB Xavier Hernández 0-0: Ground out 6-3 (Groundball, 6)
Batting: RHB Gilbert Graham 0-0: Foul Ball, location: 2F
0-1: Ball
1-1: Ball
2-1: SINGLE (Flyball, 8LS)
Batting: LHB Armando Villarreal 0-0: Ball
1-0: Swinging Strike
1-1: Ball
2-1: Called Strike
2-2: Fielders Choice at 2nd, 4-6 (Groundball, 4)
Bottom of the 4th over - 0 run(s), 1 hit(s), 0 error(s), 0 left on base; Scranton 1 - Santa Barbara 1
TOP OF THE 5TH
Scranton Supernovas batting - Pitching for Santa Barbara Golden Cranes : RHP Alex Simmons
Batting: RHB Pedro Rivera 0-0: Ball
1-0: Ball
2-0: Called Strike
2-1: Swinging Strike
2-2: Foul Ball, location: 2F
2-2: Ball
3-2: Base on Balls
Batting: LHB Tony Vega 0-0: Fly out, F7 (Flyball, 7LD)
Batting: RHB Brad Jacobson 0-0: Called Strike
0-1: Called Strike
0-2: Foul Ball, location: 2F
0-2: Ball
Wild Pitch!
Pedro Rivera to second
1-2: Ball
2-2: Ball
3-2: Ground out 6-3 (Groundball, 6)
Pitching: RHP Nick Taylor
Batting: RHB Arturo Rochel 0-0: Called Strike
0-1: Foul Ball, location: 2F
0-2: Foul Ball, location: 2F
0-2: Ball
1-2: Strikes out swinging
Top of the 5th over - 0 run(s), 0 hit(s), 0 error(s), 1 left on base; Scranton 1 - Santa Barbara 1
BOTTOM OF THE 5TH
Santa Barbara Golden Cranes batting - Pitching for Scranton Supernovas : LHP Sammy Nash
Batting: RHB Salvador Noriega 0-0: Swinging Strike
0-1: Ground out 4-3 (Groundball, 4)
Batting: LHB Esteban Trujillo 0-0: Fly out, F4 (Popup, 4D)
Batting: RHB Pepe Castroneves 0-0: Reached on error, E7 (Flyball, 7)
Batting: RHB Ángel Ruezga 0-0: Ball
1-0: Called Strike
1-1: Swinging Strike
1-2: Ball
Wild Pitch!
Pepe Castroneves to third
2-2: Ball
3-2: Base on Balls
Batting: RHB Logan Manning 0-0: Foul Ball, location: 2F
0-1: SINGLE (Line Drive, 8LS)
Pepe Castroneves scores
Ángel Ruezga to second
Batting: LHB José Meléndez 0-0: Called Strike
0-1: Ball
1-1: Ball
2-1: Ball
3-1: Fly out, F9 (Flyball, 9)
Bottom of the 5th over - 1 run(s), 1 hit(s), 1 error(s), 2 left on base; Scranton 1 - Santa Barbara 2
TOP OF THE 6TH
Scranton Supernovas batting - Pitching for Santa Barbara Golden Cranes : RHP Nick Taylor
Batting: SHB Alonso Solís 0-0: Ball
1-0: Ball
2-0: Foul Ball, location: 2F
2-1: Foul Ball, location: 2F
2-2: Strikes out swinging
Batting: RHB Xavier Águila 0-0: Called Strike
0-1: Ball
1-1: Called Strike
1-2: Strikes out looking
Batting: RHB Keith MacKey 0-0: Foul Ball, location: 2F
0-1: Ball
1-1: Called Strike
1-2: Foul Ball, location: 2F
1-2: Foul Ball, location: 2F
1-2: Ball
2-2: Foul Ball, location: 2F
2-2: Foul Ball, location: 2F
2-2: Ball
3-2: Base on Balls
Batting: RHB Marty Hayden 0-0: Ball
Pickoff Throw to First - Out!
Top of the 6th over - 0 run(s), 0 hit(s), 0 error(s), 0 left on base; Scranton 1 - Santa Barbara 2
BOTTOM OF THE 6TH
Santa Barbara Golden Cranes batting - Pitching for Scranton Supernovas : LHP Sammy Nash
Batting: RHB Xavier Hernández 0-0: SINGLE (Groundball, 56D)
Batting: RHB Gilbert Graham 0-0: Bunted foul
0-1: Sac Bunt - play at first, batter OUT! 1-4
Xavier Hernández to second
Batting: LHB Armando Villarreal 0-0: Ball
1-0: Foul Ball, location: 2F
1-1: Foul Ball, location: 2F
1-2: Fly out, F5 (Line Drive, 56)
Batting: RHB Salvador Noriega 0-0: Foul Ball, location: 2F
0-1: Ball
1-1: Ball
2-1: Called Strike
2-2: Ball
3-2: SINGLE (Line Drive, 89M)
Xavier Hernández to third
Xavier Hernández scores
Batting: LHB Esteban Trujillo 0-0: Ball
1-0: Ball
2-0: Ball
3-0: Called Strike
3-1: SINGLE (Groundball, 6MD)
Salvador Noriega to second
Runner from 2nd tries for 3rd, SAFE, throw made to third
Batting: RHB Pepe Castroneves 0-0: Ball
Error on foul ball, E7
1-1: Called Strike
1-2: Strikes out swinging
Bottom of the 6th over - 1 run(s), 3 hit(s), 1 error(s), 2 left on base; Scranton 1 - Santa Barbara 3
TOP OF THE 7TH
Scranton Supernovas batting - Pitching for Santa Barbara Golden Cranes : RHP Nick Taylor
Batting: RHB Marty Hayden 0-0: Ball
1-0: Called Strike
1-1: Ball
2-1: SINGLE (Line Drive, 6MD)
Batting: RHB Arturo Maldonado 0-0: Ball
1-0: SINGLE (Groundball, 56D)
Marty Hayden to second
Batting: RHB Pedro Rivera 0-0: Ball
1-0: Ball
2-0: Called Strike
2-1: Ball
3-1: Base on Balls
Marty Hayden to third
Arturo Maldonado to second
Batting: LHB Tony Vega 0-0: Ball
1-0: Ball
2-0: Ball
3-0: Called Strike
3-1: SINGLE (Line Drive, 6D)
Marty Hayden scores
Arturo Maldonado to third
Pedro Rivera to second
Runner from 3rd tries for Home, SAFE, no throw
Batting: RHB Brad Jacobson 0-0: Ball
1-0: Ball
2-0: SINGLE (Flyball, 89S)
Pedro Rivera to third
Tony Vega to second
Batting: RHB Arturo Rochel 0-0: Called Strike
0-1: DOUBLE (Line Drive, 89XD)
Pedro Rivera scores
Tony Vega scores
Brad Jacobson to third
Runner from 3rd tries for Home, SAFE, throw made home
Batting: SHB Alonso Solís 0-0: Intentional Walk
Pitching: RHP Armando Martínez
Batting: RHB Xavier Águila 0-0: Ball
1-0: Called Strike
1-1: SINGLE (Flyball, 4D)
Arturo Rochel to third
Alonso Solís to second
Pinch Hitting: LHB Francisco Ortega 0-0: Foul Ball, location: 2F
0-1: Ball
1-1: Fly out, F7 (Flyball, 78S)
Batting: RHB Marty Hayden 0-0: Called Strike
0-1: Called Strike
0-2: Fly out, F8 (Flyball, 8LM)
Runner from 3rd tags up, SCORES, throw made
Batting: RHB Arturo Maldonado 0-0: Called Strike
0-1: Swinging Strike
0-2: Ball
1-2: Hit by Pitch
Alonso Solís to third
Xavier Águila to second
Batting: RHB Pedro Rivera 0-0: Called Strike
0-1: Ball
1-1: Called Strike
1-2: Ball
2-2: Ball
3-2: Base on Balls
Alonso Solís scores
Xavier Águila to third
Arturo Maldonado to second
Batting: LHB Tony Vega 0-0: Called Strike
0-1: Ball
1-1: Ball
2-1: Called Strike
2-2: Foul Ball, location: 2F
2-2: GRAND SLAM HOME RUN (Flyball, 89XD), Distance : 397 ft
Batting: RHB Brad Jacobson 0-0: Ball
1-0: Foul Ball, location: 2F
1-1: Ball
2-1: Ball
3-1: SINGLE (Groundball, 6MD)
Pitching: LHP Russ Melanson
Batting: RHB Arturo Rochel 0-0: Ball
1-0: Called Strike
1-1: Swinging Strike
1-2: SINGLE (Flyball, 8LS)
Brad Jacobson to second
Runner from 2nd tries for 3rd, SAFE, no throw
Batting: SHB Alonso Solís 0-0: Called Strike
0-1: Ball
1-1: Swinging Strike
1-2: Foul Ball, location: 2F
1-2: Ball
2-2: Foul Ball, location: 2F
2-2: Hit by Pitch
Arturo Rochel to second
Batting: RHB Xavier Águila 0-0: Foul Ball, location: 2F
0-1: Called Strike
0-2: Foul Ball, location: 2F
0-2: Ball
1-2: Strikes out looking
Top of the 7th over - 11 run(s), 9 hit(s), 0 error(s), 3 left on base; Scranton 12 - Santa Barbara 3
BOTTOM OF THE 7TH
Santa Barbara Golden Cranes batting - Pitching for Scranton Supernovas : LHP Sammy Nash
Now in RF: Francisco Ortega
Batting: RHB Ángel Ruezga 0-0: Called Strike
0-1: Foul Ball, location: 2F
0-2: Ball
1-2: Reached on error, E4 (Groundball, 4M)
Pitching: RHP R.J. Anderson
Batting: RHB Logan Manning 0-0: Called Strike
0-1: Ball
1-1: Ball
Wild Pitch!
Ángel Ruezga to second
2-1: Called Strike
2-2: Strikes out looking
Batting: LHB José Meléndez 0-0: Foul Ball, location: 2F
0-1: Ground out 4-3 (Groundball, 4)
Ángel Ruezga to third
Batting: RHB Xavier Hernández 0-0: Foul Ball, location: 2F
0-1: Ball
1-1: Called Strike
1-2: Strikes out swinging
Bottom of the 7th over - 0 run(s), 0 hit(s), 1 error(s), 1 left on base; Scranton 12 - Santa Barbara 3
TOP OF THE 8TH
Scranton Supernovas batting - Pitching for Santa Barbara Golden Cranes : LHP Russ Melanson
Batting: LHB Francisco Ortega 0-0: Ball
1-0: Ball
2-0: Ball
3-0: Called Strike
3-1: Called Strike
3-2: SINGLE (Groundball, 34D)
Batting: RHB Marty Hayden 0-0: Ball
1-0: Foul Ball, location: 2F
1-1: Ball
2-1: Ball
3-1: Foul Ball, location: 2F
3-2: Foul Ball, location: 2F
3-2: Base on Balls
Francisco Ortega to second
Batting: RHB Arturo Maldonado 0-0: Swinging Strike
0-1: SINGLE (Groundball, 34D)
Francisco Ortega to third
Marty Hayden to second
Batting: RHB Pedro Rivera 0-0: Ball
1-0: Called Strike
1-1: Called Strike
1-2: Ball
2-2: Grounds into double play, 4-6-3 (Groundball, 4)
Francisco Ortega scores
Marty Hayden to third
Batting: LHB Tony Vega 0-0: Ball
1-0: Called Strike
1-1: Foul Ball, location: 2F
1-2: Ball
2-2: Ground out 4-3 (Groundball, 4)
Top of the 8th over - 1 run(s), 2 hit(s), 0 error(s), 1 left on base; Scranton 13 - Santa Barbara 3
BOTTOM OF THE 8TH
Santa Barbara Golden Cranes batting - Pitching for Scranton Supernovas : RHP R.J. Anderson
Batting: RHB Gilbert Graham 0-0: Foul Ball, location: 2F
0-1: Ground out 1-3 (Groundball, 13)
Batting: LHB Armando Villarreal 0-0: Swinging Strike
0-1: Ground out 6-3 (Groundball, 6)
Batting: RHB Salvador Noriega 0-0: Called Strike
0-1: Ball
1-1: Ball
2-1: Foul Ball, location: 2F
2-2: Foul Ball, location: 2F
2-2: Foul Ball, location: 2F
2-2: Foul Ball, location: 2F
2-2: Hit by Pitch
Batting: LHB Esteban Trujillo 0-0: Ball
1-0: Called Strike
1-1: SINGLE (Line Drive, 4D)
Salvador Noriega to second
Runner from 2nd tries for 3rd, SAFE, no throw
Batting: RHB Pepe Castroneves 0-0: Ball
1-0: Ball
2-0: Foul Ball, location: 2F
2-1: Fly out, F4 (Line Drive, 4)
Bottom of the 8th over - 0 run(s), 1 hit(s), 0 error(s), 2 left on base; Scranton 13 - Santa Barbara 3
TOP OF THE 9TH
Scranton Supernovas batting - Pitching for Santa Barbara Golden Cranes : LHP Russ Melanson
Pitching: RHP Jim Washington
Batting: RHB Brad Jacobson 0-0: Foul Ball, location: 2F
0-1: Foul Ball, location: 2F
0-2: Ball
1-2: Ball
2-2: DOUBLE (Line Drive, 7)
Batting: RHB Arturo Rochel 0-0: Called Strike
0-1: Foul Ball, location: 2F
0-2: Ball
1-2: Ground out 6-3 (Groundball, 6)
Batting: SHB Alonso Solís 0-0: Swinging Strike
0-1: Ball
1-1: Called Strike
1-2: Ball
2-2: Strikes out swinging
Batting: RHB Xavier Águila 0-0: Ground out 5-3 (Groundball, 5)
Top of the 9th over - 0 run(s), 1 hit(s), 0 error(s), 1 left on base; Scranton 13 - Santa Barbara 3
BOTTOM OF THE 9TH
Santa Barbara Golden Cranes batting - Pitching for Scranton Supernovas : RHP R.J. Anderson
Now at SS: Chris Henderson
Batting: RHB Ángel Ruezga 0-0: Ground out 6-3 (Groundball, 6)
Batting: RHB Logan Manning 0-0: Ball
1-0: Swinging Strike
1-1: Ball
2-1: Foul Ball, location: 2F
2-2: Ball
3-2: Base on Balls
Batting: LHB José Meléndez 0-0: Called Strike
0-1: Foul Ball, location: 2F
0-2: Ball
1-2: Ball
2-2: Fielders Choice at 2nd, 6-4 (Groundball, 6)
Batting: RHB Xavier Hernández 0-0: Foul Ball, location: 2F
0-1: Ball
1-1: Ball
2-1: Swinging Strike
2-2: Foul Ball, location: 2F
2-2: Foul Ball, location: 2F
2-2: Ball
3-2: 2-RUN HOME RUN (Flyball, 78XD), Distance : 407 ft
Batting: RHB Gilbert Graham 0-0: Reached on error, E5 (Groundball, 56)
Batting: LHB Armando Villarreal 0-0: Ball
Wild Pitch!
Gilbert Graham to second
1-0: Ball
Passed Ball!
Gilbert Graham to third
2-0: Called Strike
2-1: Foul Ball, location: 2F
2-2: SINGLE (Flyball, 6MD) - OUT at second base trying to stretch hit.
Gilbert Graham scores
Bottom of the 9th over - 3 run(s), 2 hit(s), 1 error(s), 0 left on base; Scranton 13 - Santa Barbara 6
Friday, December 30th, 2016 - OOTP Baseball 17.12 Build 75